 Dungeon Crawl Stone Soup version 0.18.1-50-g88ac8fd (webtiles) character file.

57902 KarmaPolice the Impaler (level 14, -6/121 HPs)
             Began as a Merfolk Gladiator on Sept 27, 2016.
             Was a High Priest of Qazlal.
             Mangled by an Ice Fiend (7 damage)
             ... in an ice cave.
             The game lasted 01:18:17 (29733 turns).

KarmaPolice the Impaler (Merfolk Gladiator)        Turns: 29733, Time: 01:18:18

Health: -6/121     AC:  8    Str: 21    XL:     14   Next: 88%
Magic:  22/22      EV: 18    Int:  7    God:    Qazlal [*****.]
Gold:   951        SH:  0    Dex: 14    Spells: 0 memorised, 13 levels left

rFire  x . .     SeeInvis .     M - +2 glaive (venom)
rCold  + + .     Gourm    .     q - +0 troll leather armour
rNeg   . . .     Faith    .     (shield currently unavailable)
rPois  .         Spirit   .     c - +0 helmet
rElec  .         Dismiss  .     E - +0 cloak
rCorr  .         Reflect  +     (no gloves)
SustAt .         Harm     .     (no boots)
MR     +....                    I - +6 amulet of reflection
Stlth  +.........               w - ring of ice
                                (no ring)

@: confused, protected from cold, repel missiles, somewhat resistant to hostile
enchantments, very unstealthy
A: change form in water, swift swim
a: Upheaval, Elemental Force, Disaster Area, Renounce Religion


You were in an ice cave.
You worshipped Qazlal.
Qazlal was extremely pleased with you.
You were hungry.

You visited 5 branches of the dungeon, and saw 21 of its levels.
You also visited: Ice Cave.

You collected 951 gold pieces.

Inventory:

Hand Weapons
 M - a +2 glaive of venom (weapon)
Missiles
 d - 5 throwing nets (quivered)
Armour
 c - a +0 helmet (worn)
 q - a +0 troll leather armour (worn)
 E - a +0 cloak (worn)
Magical Staves
 k - an uncursed staff of cold
Rods
 t - a +3 iron rod (10/10)
   (You found it on level 4 of the Dungeon)
Jewellery
 g - an uncursed ring of fire
 w - a ring of ice (right hand)
 I - a +6 amulet of reflection (around neck)
 L - an uncursed amulet of guardian spirit
 O - the amulet of Due Proportion {Reflect rElec rPois Dex-3 SH+2}
   (You found it on level 5 of the Lair of Beasts)

   [amulet of reflection]

   It shields you and reflects attacks.
   It affects your dexterity (-3).
   It insulates you from electricity.
   It protects you from poison.
   It affects your SH (+2).
Wands
 e - a wand of paralysis (0/24)
 z - a wand of lightning (3/15)
 G - a wand of lightning (4/15)
 R - a wand of acid (9/15)
Scrolls
 b - 2 scrolls of fear
 h - 5 scrolls of teleportation
 j - 4 scrolls of magic mapping
 n - a scroll of identify
 p - 5 scrolls of remove curse
 r - 2 scrolls of fog
 u - 2 scrolls of recharging
 y - 5 scrolls of enchant weapon
 D - a scroll of brand weapon {unknown}
 U - a scroll of enchant armour
Potions
 a - 2 potions of resistance {unknown}
 l - a potion of might
 m - 3 potions of magic
 s - 4 potions of flight
 v - 5 potions of lignification {unknown}
 A - 2 potions of agility {unknown}
 B - 2 potions of curing {unknown}
 H - a potion of mutation {unknown}
Comestibles
 f - 9 bread rations
 i - 14 meat rations
 o - 2 slices of pizza
 x - 2 beef jerkies
 N - 12 fruits


   Skills:
 + Level 14.8 Fighting
 + Level 18.6 Polearms
 - Level 2.0 Throwing
 + Level 8.5 Armour
 - Level 10.2 Dodging
 + Level 11.6 Invocations


You had 13 spell levels left.
You didn't know any spells.

Dungeon Overview and Level Annotations

Branches:
Dungeon (10/15)            Temple (1/1) D:4            Lair (8/8) D:8
  Swamp (0/4) Lair:6        Snake (1/4) Lair:6        Slime (0/6) Lair:6
    Orc (1/2) D:9

Altars:
Ashenzari
Cheibriados
Dithmenos
Elyvilon
Fedhas
Gozag
Kikubaaqudgha
Makhleb
Nemelex Xobeh
Okawaru
Pakellas
Qazlal
Ru
Sif Muna
Trog
Vehumet
Xom
Yredelemnul
Zin
The Shining One
Jiyva

Annotations:
D:4 Drunkenshrew's ghost, novice HEFi
Orc:1 Nergalle; Snorg


Message History

You feel protected from cold.
You hit the Ice Fiend but do no damage.
The Ice Fiend is lightly wounded.
The Ice Fiend claws you! The Ice Fiend freezes you! You resist.
You feel more protected from cold. The Ice Fiend barely misses you.
You hit the Ice Fiend.
The Ice Fiend is lightly wounded.
You block the Ice Fiend's attack. The Ice Fiend claws you!!
* * * LOW HITPOINT WARNING * * *
The Ice Fiend freezes you! You resist.
* * * LOW HITPOINT WARNING * * *
Read which item? (? for menu, Esc to quit)
Okay, then.
Drink which item? (? for menu, Esc to quit)
You are confused.
You feel invigorated. The Ice Fiend claws you!
* * * LOW HITPOINT WARNING * * *
The Ice Fiend freezes you! You resist.
You die...

########### #.4.......'
## #@######### #.
##1#.#.#.#.# ####
######8.#'#'#'#'###.#..#
#.......#...§...'.#.'.4#
#.#####.#.8.8.8.########
#.#..§.........#..
#.'............'..
#.#............#..
#.#.8.8.8.########


You could see an Ice Fiend and an ice devil.

Vanquished Creatures
  6 dire elephants (Lair:8)
  Harold (Lair:1)
  A naga warrior (Snake:1)
  A catoblepas (Lair:5)
  4 hydras
  An anaconda (Lair:8)
  5 death yaks
  A lindwurm (Lair:5)
  A swamp dragon (Lair:4)
  2 griffons
  7 black mambas
  14 elephants
  2 naga magi (Snake:1)
  2 ice statues (IceCv)
  10 spiny frogs
  3 rime drakes
  7 komodo dragons
  A golden dragon simulacrum (IceCv)
  An anaconda simulacrum (IceCv)
  5 ice devils (IceCv)
  A spriggan (D:7)
  37 blink frogs
  A dire elephant simulacrum (IceCv)
  34 yaks
  4 basilisks
  Eustachio (D:6)
  9 hippogriffs
  3 harpy simulacra (IceCv)
  A naga (Lair:6)
  4 iron troll simulacra (IceCv)
  16 water moccasins
  2 sky beasts
  9 ice beasts
  12 porcupines
  A swamp drake (Lair:6)
  4 orc warriors
  11 wolves
  10 ogres
  2 phantoms
  13 crocodiles
  6 centaurs
  Blork the orc (D:6)
  2 big kobolds
  13 giant frogs
  6 scorpions
  An electric eel (Lair:5)
  3 crimson imps
  A jelly (D:8)
  A quasit (D:9)
  A hound (D:5)
  3 gnoll shamans
  2 orc priests
  5 orc wizards
  A giant frog skeleton (D:6)
  8 iguanas
  14 worker ants
  A killer bee zombie (D:7)
  4 sheep (Lair:4)
  A hound zombie (D:9)
  A hound skeleton (D:5)
  16 adders
  14 gnolls
  100 river rats
  A shadow imp (D:6)
  2 oozes
  An adder zombie (D:10)
  4 worms
  5 dart slugs
  7 giant geckos
  19 orcs
  7 bats
  3 giant cockroaches
  9 goblins
  10 hobgoblins
  9 jackals
  6 quokkas
  A ball python skeleton (D:5)
  5 giant newts
  16 kobolds
  A quokka zombie (D:7)
  10 rats
  55 fungi
  24 plants
650 creatures vanquished.

Vanquished Creatures (collateral kills)
  A hydra (Lair:4)
1 creature vanquished.

Vanquished Creatures (others)
  17 fungi
  10 plants
27 creatures vanquished.

Grand Total: 678 creatures vanquished

Notes
Turn   | Place    | Note
--------------------------------------------------------------
     0 | D:1      | KarmaPolice the Merfolk Gladiator began the quest for the Orb.
     0 | D:1      | Reached XP level 1. HP: 16/16 MP: 1/1
    68 | D:1      | Reached XP level 2. HP: 22/23 MP: 2/2
   455 | D:1      | Reached skill level 5 in Polearms
   601 | D:1      | Reached XP level 3. HP: 28/28 MP: 3/3
  1127 | D:2      | Reached skill level 1 in Armour
  1127 | D:2      | Reached XP level 4. HP: 26/35 MP: 4/4
  1825 | D:2      | Reached skill level 6 in Polearms
  2068 | D:3      | Reached XP level 5. HP: 19/41 MP: 5/5
  2669 | D:3      | Found a stormy altar of Qazlal.
  3063 | D:4      | Reached XP level 6. HP: 36/48 MP: 6/6
  3383 | D:4      | Noticed Drunkenshrew's ghost (novice HEFi)
  3668 | D:4      | Found a staircase to the Ecumenical Temple.
  3693 | Temple   | Entered the Ecumenical Temple
  3867 | D:4      | Reached skill level 7 in Polearms
  4052 | D:4      | Found a basalt altar of Yredelemnul.
  4532 | D:5      | Entered Level 5 of the Dungeon
  5564 | D:5      | Reached skill level 5 in Fighting
  5564 | D:5      | Reached XP level 7. HP: 56/56 MP: 7/7
  5641 | D:5      | Reached skill level 8 in Polearms
  5851 | D:5      | Found a shimmering altar of Xom.
  5873 | D:5      | Found a glowing silver altar of Zin.
  5874 | D:5      | Found a shattered altar of Ashenzari.
  5874 | D:5      | Found an ancient bone altar of Kikubaaqudgha.
  5896 | D:5      | Found an oddly glowing altar of Pakellas.
  5897 | D:5      | Found a sparkling altar of Nemelex Xobeh.
  6574 | D:5      | Reached skill level 9 in Polearms
  6689 | D:5      | Reached XP level 8. HP: 23/65 MP: 8/8
  7634 | D:6      | Reached skill level 5 in Dodging
  7727 | D:6      | Reached skill level 10 in Polearms
  7732 | D:6      | Found a deep blue altar of Sif Muna.
  7857 | D:6      | Found a burning altar of Makhleb.
  7895 | D:6      | Noticed Blork the orc
  7926 | D:6      | Killed Blork the orc
  8063 | D:6      | Found a white marble altar of Elyvilon.
  8443 | D:6      | Noticed Eustachio
  8490 | D:6      | Killed Eustachio
  8686 | D:6      | Reached XP level 9. HP: 73/74 MP: 9/9
  9112 | D:6      | Identified Sif Muna's Disquisition on Feathers
  9275 | D:6      | Reached skill level 11 in Polearms
  9288 | D:6      | Found a snail-covered altar of Cheibriados.
  9469 | D:7      | Found a deep blue altar of Sif Muna.
  9491 | D:7      | Found an iron altar of Okawaru.
 11204 | D:3      | Became a worshipper of Qazlal Stormbringer
 11363 | D:7      | Reached skill level 12 in Polearms
 11914 | D:7      | Reached XP level 10. HP: 83/83 MP: 10/10
 12775 | D:8      | Found an opulent altar of Gozag.
 12811 | D:8      | Found a staircase to the Lair.
 13710 | D:9      | Reached * piety under Qazlal
 13739 | D:9      | Reached skill level 10 in Fighting
 13795 | D:9      | Reached skill level 13 in Polearms
 13917 | D:9      | Found a staircase to the Orcish Mines.
 14232 | D:10     | Entered Level 10 of the Dungeon
 14544 | Orc:1    | Entered Level 1 of the Orcish Mines
 14544 | Orc:1    | Noticed Snorg
 14546 | Orc:1    | Noticed Nergalle
 14605 | Lair:1   | Entered Level 1 of the Lair of Beasts
 14605 | Lair:1   | Noticed Harold
 14616 | Lair:1   | Killed Harold
 14616 | Lair:1   | Reached skill level 10 in Dodging
 15580 | Lair:1   | Reached XP level 11. HP: 62/92 MP: 13/13
 15792 | Lair:1   | Noticed a six-headed hydra
 16437 | Lair:1   | Reached skill level 14 in Polearms
 16788 | Lair:2   | Reached ** piety under Qazlal
 17504 | Lair:2   | Reached skill level 5 in Invocations
 19311 | Lair:2   | Reached XP level 12. HP: 85/102 MP: 16/16
 19317 | Lair:2   | Reached skill level 15 in Polearms
 19488 | Lair:3   | Reached skill level 5 in Armour
 19569 | Lair:3   | Noticed a six-headed hydra
 19720 | Lair:3   | Found a radiant altar of Vehumet.
 20290 | Lair:3   | Reached *** piety under Qazlal
 20880 | Lair:3   | Killed a 16-headed hydra
 21293 | Lair:4   | Noticed an eight-headed hydra
 22449 | Lair:4   | Killed an 11-headed hydra
 22609 | Lair:4   | Reached skill level 16 in Polearms
 22808 | Lair:5   | Noticed a catoblepas
 23046 | Lair:5   | Got a smoking crystal amulet
 23197 | Lair:5   | Identified the amulet of Due Proportion {Reflect rElec rPois Dex-3 SH+2} (You found it on level 5 of the Lair of Beasts)
 23397 | Lair:5   | Reached XP level 13. HP: 93/109 MP: 19/19
 23650 | Lair:5   | Reached **** piety under Qazlal
 24272 | Lair:6   | Found a staircase to the Snake Pit.
 25070 | Lair:6   | Reached skill level 17 in Polearms
 25247 | Lair:6   | Found a staircase to the Swamp.
 25327 | Lair:6   | Found a viscous altar of Jiyva.
 25328 | Lair:6   | Found a staircase to the Slime Pits.
 25702 | Lair:7   | Reached ***** piety under Qazlal
 26424 | Lair:8   | Entered Level 8 of the Lair of Beasts
 26453 | Lair:7   | Reached skill level 10 in Invocations
 26616 | Lair:8   | Reached XP level 14. HP: 110/120 MP: 21/21
 27707 | Lair:8   | Noticed a dire elephant
 27707 | Lair:8   | Noticed a dire elephant
 27722 | Lair:8   | Noticed a dire elephant
 27724 | Lair:8   | Noticed a dire elephant
 27754 | Lair:8   | Noticed a dire elephant
 27775 | Lair:8   | Noticed a dire elephant
 27801 | Lair:8   | Killed a dire elephant
 27801 | Lair:8   | Reached skill level 18 in Polearms
 27804 | Lair:8   | Killed a dire elephant
 27969 | Lair:8   | Killed a dire elephant
 28046 | Lair:8   | Killed a dire elephant
 28304 | Lair:8   | Killed a dire elephant
 28322 | Lair:8   | Killed a dire elephant
 28939 | Snake:1  | Entered Level 1 of the Snake Pit
 29223 | Snake:1  | Found a frozen archway.
 29230 | IceCv    | Entered an ice cave
 29727 | IceCv    | Noticed an Ice Fiend
 29733 | IceCv    | HP: 1/121 [Ice Fiend (14)]
 29733 | IceCv    | Mangled by an Ice Fiend

Skill      XL: |  1  2  3  4  5  6  7  8  9 10 11 12 13 14 |
---------------+-------------------------------------------+-----
Polearms       | 5 6 7 9 10 12 13 14 16 17 18 | 18.6
Fighting       | 3 4 5 6 7 9 10 11 12 14 | 14.8
Armour         | 1 2 3 4 6 7 8 |  8.5
Dodging        | 6 9 10 | 10.2
Invocations    | 3 6 8 10 11 | 11.6
Throwing       | |  2.0

Action                   |  1- 3 |  4- 6 |  7- 9 | 10-12 | 13-15 || total
-------------------------+-------+-------+-------+-------+-------++-------
Melee: Trident           |    97 |   254 |   622 |   872 |       ||  1845
       Glaive            |       |       |       |   250 |   634 ||   884
Invok: Upheaval          |       |       |       |     3 |       ||     3
       Elemental Force   |       |       |       |     1 |       ||     1
Evoke: Rod               |       |       |     1 |       |       ||     1
       Wand              |       |       |       |    13 |       ||    13
  Use: Scroll            |       |       |     8 |     7 |     5 ||    20
       Potion            |       |       |     6 |     4 |     2 ||    12
 Stab: Sleeping          |     1 |     5 |     2 |       |       ||     8
       Distracted        |       |       |     1 |       |       ||     1
       Held in net/web   |       |       |       |     2 |       ||     2
       Paralysed         |       |       |       |     8 |       ||     8
  Eat: Chunk             |     1 |    14 |    19 |    33 |    18 ||    85
       Beef jerky        |       |       |     1 |       |       ||     1
       Fruit             |       |       |       |     1 |     2 ||     3
       Royal jelly       |       |       |       |     1 |       ||     1
       Pizza             |       |       |       |     1 |       ||     1
Armor: Leather armour    |    15 |    35 |    58 |    90 |       ||   198
       Troll leather arm |       |       |       |    28 |    74 ||   102
Dodge: Dodged            |    63 |    98 |   235 |   584 |   322 ||  1302
       Deflected         |       |       |       |       |     4 ||     4
Block: Other             |       |       |       |   306 |   289 ||   595
       Reflection        |       |       |       |     1 |       ||     1
